AoeStats
← The Senate

Arabia

503854077Analyzed
1v1 RM · 1mo ago on Sep 2, 2026· 51m 19s· 2 players
Game mode
Random Map
Map size
Tiny (2 player)
Population
200
Speed
Normal
Resources
Standard
Victory
Conquest
Starting age
Dark Age
Ending age
Imperial Age
RankedLock teamsTeams togetherTeam positionsShared explorationLock speedFull tech treeHidden civsTurbo modeCheats
Victory
Defeat
🇷🇴 Byzantines · Romania
610
+17
🇨🇦 Malay · Canada
626
-17
The Senate
5:12 Loom
12:10 Feudal Age
12:37 Double-Bit Axe
12:34 Horse Collar
12:45 Gold Mining
22:40 Castle Age
23:24 Fletching
23:55 Husbandry
23:38 Crossbowman
24:34 Bodkin Arrow
25:04 Thumb Ring
25:03 Heavy Plow
25:37 Scale Barding Armor
31:57 Forging
33:07 Squires
33:52 Pikeman
38:19 Ballistics
45:15 Imperial Age
43:11 Scale Mail Armor
46:36 Halberdier
48:39 Arson
50:02 Chemistry
49:06 Bracer
49:22 Chain Mail Armor
49:43 Iron Casting
49:46 Wheelbarrow
49:00 Cavalier
50:37 Gambesons
52:01 Plate Mail Armor
Rondeau1993
9:59 Loom
12:27 Feudal Age
12:17 Town Watch
12:17 Horse Collar
12:25 Double-Bit Axe
16:46 Man-at-Arms
18:24 Forging
18:43 Arson
21:53 Gold Mining
26:25 Castle Age
26:08 Long Swordsman
26:53 Squires
27:30 Iron Casting
27:26 Pikeman
33:04 Scale Barding Armor
44:55 Husbandry
45:48 Town Patrol
46:23 Wheelbarrow
Connection lost

Rejoining the realm…

Still unreachable

The connection could not be restored.

Session expired

The server has moved on; the page needs a fresh start.